 Dungeon Crawl Stone Soup version 0.27-a0-46-g34d46f0a3f (webtiles) character file.

Game seed: 6035763656830108862

622 Zenor the Digger (level 7, 0/36 HPs)
             Began as a Gargoyle Earth Elementalist on Jan 6, 2021.
             Was a Believer of Vehumet.
             Killed by Freeze
             ... invoked by kaisn's ghost
              (10 damage)
             ... on level 6 of the Dungeon.
             The game lasted 00:09:22 (5835 turns).

Zenor the Digger (Gargoyle Earth Elementalist)      Turns: 5835, Time: 00:09:22

Health: 0/36       AC:  6    Str: 12    XL:     7   Next: 46%
Magic:  13/13      EV: 12    Int: 17    God:    Vehumet [**....]
Gold:   317        SH:  0    Dex: 10    Spells: 6/15 levels left

rFire    . . .     SeeInvis +   k - +1 flail
rCold    . . .     Faith    .   (no shield)
rNeg     + . .     Spirit   .   c - +0 robe
rPois    ∞         Reflect  .   (no helmet)
rElec    +         Harm     .   (no cloak)
rCorr    .         Rampage  .   (no gloves)
Will     .....                  (no boots)
Stlth    ++........             (no amulet)
HPRegen  0.12/turn              (no ring)
MPRegen  0.13/turn              o - ring of see invisible

@: no status effects
A: negative energy resistance 1, electricity resistance, unbreathing,
petrification resistance, miasma immunity, AC +4
a: Renounce Religion


You were on level 6 of the Dungeon.
You worshipped Vehumet.
Vehumet was pleased with you.
You visited 1 branch of the dungeon, and saw 6 of its levels.

You collected 317 gold pieces.

Inventory:

Hand Weapons
 h - a +0 short sword
 k - a +1 flail (weapon)
Missiles
 b - 62 stones (quivered)
 i - 3 silver boomerangs
Armour
 c - a +0 robe (worn)
Jewellery
 o - a ring of see invisible (right hand)
Wands
 f - a wand of polymorph (1)
 r - a wand of iceblast (8)
Scrolls
 e - 3 scrolls of teleportation
 g - a scroll of magic mapping
 p - 2 scrolls of identify
 q - a scroll of blinking
 s - a scroll of remove curse
Potions
 a - 2 potions of flight
 d - 4 potions of attraction
 j - a potion of haste
 l - 3 potions of curing
 m - a potion of brilliance
 n - a potion of heal wounds


   Skills:
 + Level 0.0 Fighting
 + Level 0.0 Maces & Flails
 + Level 0.1 Armour
 + Level 1.5 Dodging
 - Level 2.1 Stealth
 + Level 4.6 Spellcasting
 + Level 4.3 Conjurations
 - Level 0.7 Transmutations
 + Level 6.6 Earth Magic
 + Level 0.0 Evocations


You had 6 spell levels left.
You knew the following spells:

 Your Spells              Type           Power        Failure   Level
a - Sandblast             Erth           52%          1%          1
b - Stone Arrow           Conj/Erth      44%          4%          3
c - Lee's Rapid Deconstr  Erth           13%          26%         5

Your spell library contained the following spells:

 Spells                   Type           Power        Failure   Level
 Freeze                   Ice            12%          16%         1
 Passwall                 Tmut/Erth      13%          4%          2
 Petrify                  Tmut/Erth      16%          32%         4


Dungeon Overview and Level Annotations

Branches:
Dungeon (6/15)
 Temple: D:4-7

Altars:
Ashenzari
Dithmenos
Hepliaklqana
Makhleb
Vehumet
Xom
Zin

Annotations:
D:6 kaisn's ghost, novice OpIE


Innate Abilities, Weirdness & Mutations

You are resistant to torment.
Your stone body is resilient. (AC +4)
You are immune to poison.
You resist negative energy. (rN+)
You are resistant to electric shocks. (rElec)
You can survive without breathing.
You are immune to petrification.
You are immune to miasma.


Message History

Found a runed translucent door.
You now have 317 gold pieces (gained 17).
A chill runs down your spine.
Found a potion of degeneration.
Kaisn's ghost whispers, "They're coming for you..."
You open the door. You hit kaisn's ghost.
Kaisn's ghost is lightly damaged.
Kaisn's ghost casts a spell at you.
You are frozen.
Ouch! That really hurt!
You hit kaisn's ghost.
Kaisn's ghost is lightly damaged.
Kaisn's ghost hits you!
* * * LOW HITPOINT WARNING * * *
You barely miss kaisn's ghost.
Kaisn's ghost is lightly damaged.
Kaisn's ghost stares at you and mumbles some strange words.
You are frozen.
You die...

###......##⌠##..#
#.......##...##..##
.....##.##..!..##..##
.... #.#⌠.!♣..⌠#...#
#$. #.##.....##....
#...###..##...##.....
##........##.##....#
#.........#W#....#
#......##..@.....#
##....####.#....##
#...# #......# #....
###....# .....
#...... .... #.......
..# ...!..### .....##
.##


You could see kaisn's ghost.

Vanquished Creatures
  2 ogres (D:4)
  A centaur (D:2)
  A scorpion (D:5)
  A water moccasin skeleton (D:5)
  A howler monkey (D:5)
  An orc priest (D:3)
  Terence (D:2)
  An iguana (D:5)
  2 adders
  A shadow imp (D:5)
  A white imp (D:5)
  An ufetubus (D:5)
  2 oozes
  A worm (D:4)
  2 dart slugs
  4 leopard geckos
  3 orcs (D:3)
  11 bats
  5 giant cockroaches
  6 goblins
  9 hobgoblins
  13 jackals
  6 kobolds
  4 quokkas
  2 ball pythons
  10 frilled lizards
  7 rats
99 creatures vanquished.

Vanquished Creatures (others)
  A worker ant (D:6)
  An orc (D:6)
2 creatures vanquished.

Grand Total: 101 creatures vanquished

Notes
Turn   | Place    | Note
-------+----------+-------------------------------------------
     0 | D:1      | Zenor the Gargoyle Earth Elementalist began the quest for
                  | the Orb.
     0 | D:1      | Reached XP level 1. HP: 10/10 MP: 3/3
   204 | D:1      | Reached XP level 2. HP: 12/15 MP: 3/5
   379 | D:1      | Reached skill level 4 in Earth Magic
   925 | D:1      | Reached XP level 3. HP: 19/19 MP: 6/6
   932 | D:1      | Learned a level 3 spell: Stone Arrow
  1442 | D:2      | Found a faded altar of an unknown god.
  1533 | D:2      | Noticed a centaur
  1865 | D:2      | Killed a centaur
  1866 | D:2      | Reached skill level 5 in Earth Magic
  1866 | D:2      | Reached XP level 4. HP: 21/24 MP: 4/8
  1866 | D:2      | Reached XP level 5. HP: 25/28 MP: 4/9
  1880 | D:2      | Learned a level 5 spell: Lee's Rapid Deconstruction
  1965 | D:2      | Found a radiant altar of Vehumet.
  1973 | D:2      | Became a worshipper of Vehumet
  2380 | D:2      | Noticed Terence
  2417 | D:2      | Killed Terence
  3055 | D:3      | Reached * piety under Vehumet
  3055 | D:3      | Offered knowledge of Magic Dart by Vehumet.
  3183 | D:3      | Found a broken altar of Ashenzari.
  3276 | D:3      | Found a shadowy altar of Dithmenos.
  3501 | D:3      | Reached XP level 6. HP: 31/32 MP: 4/11
  3597 | D:3      | Found a glowing silver altar of Zin.
  3705 | D:3      | Found a burning altar of Makhleb.
  4418 | D:4      | Reached skill level 6 in Earth Magic
  4677 | D:5      | Entered Level 5 of the Dungeon
  4682 | D:5      | Reached XP level 7. HP: 36/36 MP: 10/13
  5024 | D:5      | Offered knowledge of Freeze by Vehumet.
  5034 | D:5      | Reached ** piety under Vehumet
  5611 | D:5      | Found a hazy altar of Hepliaklqana.
  5612 | D:5      | Found a shimmering altar of Xom.
  5613 | D:5      | Noticed a spectral ugly thing
  5809 | D:6      | Noticed kaisn's ghost (novice OpIE)
  5812 | D:6      | Found a runed translucent door.
  5835 | D:6      | Killed from afar by kaisn's ghost

Illustrated notes

Levels and vault maps discovered:
D:1:      roderic_chinese_lattice_arrival, layout_loops_ring,
          minmay_pentomino_v2
D:2:      minmay_chambers_of_twos, layout_loops_ring, lemuel_round_altar,
          chequers_ecumenical_altar_simple_redux, uniq_terence
D:3:      layout_loops_ring, lemuel_round_altar, lemuel_round_altar,
          zin_treasury, grunt_dithmenos_smoke
D:4:      layout_basic
D:5:      layout_cave_pods, regret_index_temple_of_mockery
D:6:      minmay_chambers_of_fours, layout_layer_cave, kennysheep_mini,
          hellmonk_ghost_happy_afterlife, xom_confusion_cloud, uniq_duvessa,
          uniq_eustachio, uniq_pikel

Skill      XL: |  1  2  3  4  5  6  7 |
---------------+----------------------+-----
Earth Magic    | 4 5 6 |  6.6
Spellcasting   | 3 4 |  4.6
Conjurations   | 2 3 4 |  4.3
Armour         | |  0.1
Dodging        | |  1.5
Stealth        | |  2.1
Transmutations | |  0.7

Action                   |  1- 3 |  4- 6 |  7- 9 || total
-------------------------+-------+-------+-------++-------
Melee: Unarmed           |     6 |       |       ||     6
       Short sword       |    84 |   217 |    48 ||   349
       Flail             |       |       |    13 ||    13
 Cast: Sandblast         |    21 |    43 |     8 ||    72
       Stone Arrow       |       |       |     1 ||     1
  Use: Scroll            |     8 |     8 |     1 ||    17
       Potion            |       |     1 |       ||     1
 Stab: Sleeping          |     4 |     3 |       ||     7
Armor: Robe              |    46 |    77 |    32 ||   155
Dodge: Dodged            |    80 |   168 |    49 ||   297

Table legend: (Time is in decaauts)
 A = Elapsed time spent in this place.
 B = Non-inter-level travel time spent in this place.
 C = Inter-level travel time spent in this place.
 D = Time resting spent in this place.
 E = Time spent auto-exploring this place.
 F = Levels seen in this place.
 G = Mean time per level.
                   A        B        C        D        E       F      G
               +--------+--------+--------+--------+--------+-----+--------+
         Total |   5872 |   5701 |    171 |   1126 |   3612 |   6 |  978.7 |
       Dungeon |   5872 |   5701 |    171 |   1126 |   3612 |   6 |  978.7 |
               +--------+--------+--------+--------+--------+-----+--------+

Top non-repeatable levels by time:
     D:1: 1767 daAuts
     D:3: 1170 daAuts
     D:5: 1117 daAuts
     D:2: 1009 daAuts
     D:4: 759 daAuts
     D:6: 49 daAuts
